 Dungeon Crawl Stone Soup version 0.28-a0-845-gfc338a8e3c (webtiles) character file.

Game seed: 8755632065954956950

167 Rennog the Ruffian (level 5, 0/47 HPs)
             Began as a Ghoul Fighter on Nov 13, 2021.
             Slain by a gnoll (2 damage)
             ... on level 3 of the Dungeon.
             The game lasted 00:02:47 (2893 turns).

Rennog the Ruffian (Ghoul Fighter)                  Turns: 2893, Time: 00:02:47

Health: 0/47       AC:  7    Str: 20    XL:     5   Next: 48%
Magic:  4/4        EV:  9    Int:  4    God:
Gold:   80         SH:  4    Dex:  8    Spells: 4/4 levels left

rFire   . . .      SeeInvis .     - Unarmed
rCold   + . .      Faith    .   b - +0 buckler
rNeg    + + +      Spirit   .   a - +0 scale mail
rPois   ∞          Reflect  .   n - +0 helmet
rElec   .          Harm     .   (no cloak)
rCorr   .          Rampage  .   (no gloves)
Will    .....                   (no boots)
Stlth   ..........              (no amulet)
HPRegen 0.00/turn               (no ring)
MPRegen 0.09/turn               (no ring)

@: inhibited regen
A: claws 1, cold resistance 1, negative energy resistance 3, inhibited
regeneration, torment resistance 2
a: no special abilities


You were on level 3 of the Dungeon.
You visited 1 branch of the dungeon, and saw 3 of its levels.

You collected 80 gold pieces.

Inventory:

Armour
 a - a +0 scale mail (worn)
 b - a +0 buckler (worn)
 n - a +0 helmet (worn)
Jewellery
 i - an amulet of magic regeneration
Scrolls
 e - 2 scrolls of blinking {unknown}
 h - a scroll of enchant weapon {unknown}
 j - 6 scrolls of identify {unknown}
 k - a scroll of teleportation {unknown}
 m - a scroll of noise {unknown}
Potions
 c - a potion of might
 d - a potion of attraction {unknown}
 f - a potion of haste {unknown}
 g - 2 potions of flight {unknown}
 l - a potion of heal wounds {unknown}


   Skills:
 + Level 4.6 Fighting
 - Level 2.6 Armour
 - Level 2.6 Shields
 * Level 5.1 Unarmed Combat


You had 4 spell levels left.
You didn't know any spells.
Your spell library contained the following spells:

 Spells                   Type           Power      Damage    Failure   Level
 Blink                    Tloc           0%         N/A       96%         2
 Ensorcelled Hibernation  Hex/Ice        0%         N/A       96%         2
 Lesser Beckoning         Tloc           0%         N/A       99%         3
 Tukima's Dance           Hex            0%         N/A       99%         3
 Manifold Assault         Tloc           0%         N/A       100%        5


Dungeon Overview and Level Annotations

Branches:
Dungeon (3/15)

Altars:
Xom

Shops:
D:1 [

Annotations:
D:2 Sigmund


Innate Abilities, Weirdness & Mutations

You thrive by killing the living.
You are immune to poison.
You have sharp fingernails.
Your flesh is cold resistant. (rC+)
You are immune to negative energy. (rN+++)
You do not regenerate when monsters are visible.
You are immune to unholy pain and torment.


Message History

You are too injured to fight recklessly!
You are too injured to fight recklessly!
You are too injured to fight recklessly!
You are too injured to fight recklessly!
You scratch the gnoll.
The gnoll is lightly wounded.
The gnoll hits you with a +0 club.
You barely miss the gnoll.
The gnoll is lightly wounded.
You block the gnoll's attack.
You scratch the gnoll.
The gnoll is moderately wounded.
You block the gnoll's attack.
You closely miss the gnoll.
The gnoll is moderately wounded.
You claw the gnoll!
You kill the gnoll!
You feel better. The bat hits you but does no damage. x2
You scratch the bat.
You kill the bat!
You completely miss the endoplasm.
The gnoll hits you from afar with a +0 spear!
The endoplasm hits you but does no damage.
You scratch the endoplasm.
The endoplasm is moderately wounded.
The endoplasm barely misses you.
The gnoll hits you from afar with a +0 spear.
* * * LOW HITPOINT WARNING * * *
You claw the endoplasm!
You kill the endoplasm!
You feel better. You block the gnoll's attack.
The gnoll hits you with a +0 spear!
* * * LOW HITPOINT WARNING * * *
You scratch the gnoll but do no damage. The gnoll hits you but does no damage.
You barely miss the gnoll. The gnoll hits you with a +0 spear.
* * * LOW HITPOINT WARNING * * *
The gnoll hits you from afar with a +0 spear!
* * * LOW HITPOINT WARNING * * *
The gnoll hits you from afar with a +0 spear.
You die...

....# ##.#
#.......#
....# #.#
#.......#
....# #.##
#.......#
....# #..#
#.g.....#
....#
##.###.......#
#####
#..###r######
##.###g#
######..##.#
##
#........##@#
.#
#.........#.#
.#
#.........#.#
.#
#.........#.#
########## .#
#.........#.#
#).......# .#
#########.#.#
#........# .#
#...#
#........# .#
##..###
#........# .#
#.>..#
#........#


You could see 2 gnolls and a rat.

Vanquished Creatures
  Terence (D:2)
  5 gnolls
  5 adders
  A worm (D:2)
  An orc (D:3)
  3 ball pythons
  4 bats
  5 endoplasms
  3 giant cockroaches
  3 goblins
  8 hobgoblins
  5 kobolds
  A quokka (D:2)
  2 frilled lizards (D:2)
  5 rats
52 creatures vanquished.

Notes
Turn   | Place    | Note
-------+----------+-------------------------------------------
     0 | D:1      | Rennog the Ghoul Fighter began the quest for the Orb.
     0 | D:1      | Reached XP level 1. HP: 19/19 MP: 0/0
   132 | D:1      | Found Ubeunk's Antique Armour Shoppe.
   218 | D:1      | Reached XP level 2. HP: 26/26 MP: 1/1
   376 | D:1      | Found a faded altar of an unknown god.
   421 | D:1      | Reached skill level 3 in Unarmed Combat
   985 | D:2      | Reached XP level 3. HP: 33/33 MP: 2/2
  1099 | D:2      | Noticed Terence
  1108 | D:2      | Killed Terence
  1493 | D:2      | Reached skill level 4 in Unarmed Combat
  1493 | D:2      | Reached XP level 4. HP: 40/40 MP: 3/3
  1969 | D:2      | Noticed Sigmund
  2482 | D:3      | Reached XP level 5. HP: 22/47 MP: 4/4
  2738 | D:3      | Found a shimmering altar of Xom.
  2865 | D:3      | Reached skill level 5 in Unarmed Combat
  2884 | D:3      | HP: 2/47 [gnoll (7)]
  2893 | D:3      | Slain by a gnoll

Illustrated notes

Levels and vault maps discovered:
D:1:      matt_arrival_spirals, layout_basic, serial_shops, shop_statue,
          hellmonk_ecumenical_altar_inner_sanctum
D:2:      minmay_razor_zed, layout_basic, uniq_sigmund, uniq_terence
D:3:      layout_basic, lemuel_crystal_altar

Skill      XL: |  1  2  3  4  5 |
---------------+----------------+-----
Unarmed Combat | 3 4 5 |  5.1
Fighting       | 4 |  4.6
Armour         | |  2.6
Shields        | |  2.6

Action                   |  1- 3 |  4- 6 || total
-------------------------+-------+-------++-------
Melee: Unarmed           |    84 |   139 ||   223
Armor: Scale mail        |    29 |    51 ||    80
Dodge: Dodged            |    31 |    61 ||    92
Block: Buckler           |     8 |    14 ||    22

Table legend: (Time is in decaauts)
 A = Elapsed time spent in this place.
 B = Non-inter-level travel time spent in this place.
 C = Inter-level travel time spent in this place.
 D = Time resting spent in this place.
 E = Time spent auto-exploring this place.
 F = Levels seen in this place.
 G = Mean time per level.
                   A        B        C        D        E       F      G
               +--------+--------+--------+--------+--------+-----+--------+
         Total |   2882 |   2852 |     30 |      0 |   2422 |   3 |  960.7 |
       Dungeon |   2882 |   2852 |     30 |      0 |   2422 |   3 |  960.7 |
               +--------+--------+--------+--------+--------+-----+--------+

Top non-repeatable levels by time:
     D:2: 1059 daAuts
     D:1: 942 daAuts
     D:3: 880 daAuts
